Map: Kairos Junction LE

Players

PtitDrogo - Winner!

  • Race: Protoss Protoss
  • League: Grandmaster
  • Spawn Location: 5:00

ShoWTimE

  • Race: Protoss Protoss
  • League: Grandmaster
  • Spawn Location: 11:00

Event: 2019 WCS Winter Europe

VOD

Have the link to the VOD?

Description

Time

  • Played on: March 24, 2019, 10:59 a.m.
  • Length: 3:45

All games in this series

Show
View Real Time Build Order
Export as new Build Order

PtitDrogo Protoss - Winner!

Build Orders:  

Get SALT Encoding   

  12  0:00  Probe  
  13  0:12  Probe  
  14  0:17  Pylon  
  14  0:24  Probe  
  15  0:32  Probe  
  15  0:39  Gateway  
  15  0:40  Probe  
  16  0:46  Assimilator  
  17  0:50  Probe  
  17  0:54  Assimilator  
  18  0:58  Probe  
  19  1:06  Probe  
  19  1:08  Gateway  
  20  1:17  Probe  
  21  1:26  Cybernetics Core  
  21  1:29  Probe  
  22  1:33  Pylon  
  22  1:41  Probe  
  23  1:52  Adept  
  23  1:56  Pylon  
  23  1:59  Pylon  
  25  2:14  Adept  
  27  2:25  Adept  
  25  2:44  Adept  
  27  3:00  Probe  
  26  3:12  Probe  
Show
View Real Time Build Order
Export as new Build Order

ShoWTimE Protoss 

Build Orders:  

Get SALT Encoding   

  12  0:00  Probe  
  13  0:12  Probe  
  14  0:18  Pylon  
  14  0:24  Probe  
  15  0:36  Probe  
  15  0:37  Pylon  
  16  0:49  Probe  
  17  0:56  Gateway  
  17  1:01  Gateway  
  17  1:10  Forge  
  17  1:27  Pylon  
  17  1:35  Zealot  
  17  1:39  Zealot, Pylon  
  21  1:57  Photon Cannon  
  21  2:00  Photon Cannon  
  21  2:04  Zealot  
  21  2:06  Zealot  
  24  2:18  Pylon  
  24  2:24  Zealot  
  24  2:27  Probe  
  25  2:31  Zealot  
  25  2:48  Photon Cannon  
  25  2:50  Photon Cannon  
  25  2:51  Zealot  
  25  2:55  Photon Cannon  
  25  3:01  Zealot  
  23  3:13  Photon Cannon  
  21  3:23  Photon Cannon  
Tags
 
Add a new tag
Caveats
  • Supply blocks, unpowered buildings, or Contaminate may cause inaccurate times.
  • Supply counts are checked every 10 seconds.